 Dungeon Crawl Stone Soup version 0.30.1-11-g7821555f0a (webtiles) character file.

Game seed: 5206482349617782076

425 Groucho the Shooter (level 6, -1/32 HPs)
             Began as a Spriggan Hunter on Jan 3, 2024.
             Slain by an iguana (7 damage)
             ... on level 5 of the Dungeon.
             The game lasted 00:06:44 (4394 turns).

Groucho the Shooter (Spriggan Hunter)               Turns: 4394, Time: 00:06:45

Health: -1/32      AC:  3    Str:  7    XL:     6   Next: 64%
Magic:  11/11      EV: 19    Int: 13    God:
Gold:   155        SH:  0    Dex: 18    Spells: 11/11 levels left

rFire   . . .        a - +0 shortbow
rCold   . . .        (shield currently unavailable)
rNeg    . . .        c - +0 robe
rPois   .            (helmet restricted)
rElec   .            i - +0 cloak
rCorr   .            (gloves unavailable)
SInv    +            (boots unavailable)
Will    +....        (no amulet)
Stlth   +++          x - ring of flight
HPRegen 0.25/turn    (no ring)
MPRegen 0.12/turn

%: no passive effects
@: flying, very quick
A: very small, no large weapons, unfitting armour, see invisible, speed 3
a: no special abilities


You were on level 5 of the Dungeon.
You visited 1 branch of the dungeon, and saw 5 of its levels.

You collected 155 gold pieces.

Inventory:

Hand Weapons
 a - a +0 shortbow (weapon)
 o - a +2 dagger of freezing
Missiles
 w - a throwing net
Armour
 c - a +0 robe (worn)
 i - a +0 cloak (worn)
Magical Staves
 u - a staff of fire
Jewellery
 x - a ring of flight (left hand)
 y - an amulet of reflection
Scrolls
 b - 2 scrolls of immolation
 e - 5 scrolls of identify {unknown}
 f - a scroll of silence {unknown}
 k - 2 scrolls of fog {unknown}
 l - 3 scrolls of teleportation {unknown}
 m - 3 scrolls of poison {unknown}
 n - a scroll of amnesia {unknown}
 p - a scroll of magic mapping {unknown}
 t - 3 scrolls of vulnerability {unknown}
 v - a scroll of noise {unknown}
 z - a scroll of enchant armour {unknown}
Potions
 d - 2 potions of flight {unknown}
 g - 2 potions of haste {unknown}
 h - a potion of cancellation
 j - 2 potions of brilliance {unknown}
 q - a potion of heal wounds {unknown}
 r - a potion of magic {unknown}
 s - 2 potions of ambrosia {unknown}
 A - 2 potions of curing {unknown}


   Skills:
 + Level 2.8 Fighting
 + Level 4.9 Ranged Weapons
 + Level 4.5 Dodging
 + Level 4.8 Stealth
 + Level 3.2 Spellcasting
 + Level 1.3 Ice Magic


You had 11 spell levels left.
You didn't know any spells.
Your spell library contained the following spells:

 Spells                   Type           Power      Damage    Failure   Level
 Sting                    Tmut/Pois      8%         1d3       22%         1
 Summon Small Mammal      Summ           8%         N/A       22%         1
 Poisonous Vapours        Pois/Air       4%         N/A       34%         2
 Frozen Ramparts          Ice            10%        1d2       36%         3
 Call Canine Familiar     Summ           2%         N/A       56%         3
 Summon Guardian Golem    Hex/Summ       2%         N/A       56%         3
 Ice Form                 Ice/Tmut       3%         N/A       86%         4
 Summon Ice Beast         Ice/Summ       3%         N/A       86%         4
 Olgreb's Toxic Radiance  Pois           2%         N/A       92%         4


Dungeon Overview and Level Annotations

Branches:
Dungeon (5/15)
 Temple: D:4-7

Altars:
Makhleb
Uskayaw

Shops:
D:4 (

Annotations:
D:3 1 runed translucent door, vvlvvlvvl's ghost, amateur DsHu


Innate Abilities, Weirdness & Mutations

You are very small and have problems with some larger weapons.
You are too small for most types of armour.
You have supernaturally acute eyesight. (SInv)
You cover ground extremely quickly. (Speed+++)


Message History

You shoot an arrow. The arrow hits the scorpion.
You kill the scorpion!
HP restored.
Done exploring.
There is a stone staircase leading down here.
You fly downwards.
You hear the hiss of flowing sand.
There is an entrance to an ossuary on this level.
Hurry and find it before the portal is buried!
You hear the brisk hiss of a distant avalanche of sand.
Found 5 gold pieces.
There is a stone staircase leading up here.
Unknown command.
Unknown command.
A white imp comes into view.
You see here 5 gold pieces.
You shoot an arrow.
The arrow hits the white imp but does no damage.
The white imp shouts!
An iguana comes into view.
You shoot an arrow. The arrow barely misses the iguana.
You shoot an arrow. The arrow closely misses the iguana.
The white imp gestures at you. The puff of frost hits you.
You shoot an arrow. The arrow hits the iguana.
The iguana is lightly wounded.
The iguana completely misses you.
You shoot an arrow.
The arrow hits the iguana but does no damage.
The iguana is lightly wounded.
The iguana closely misses you.
You shoot an arrow. The arrow hits the iguana.
The iguana is moderately wounded.
The iguana bites you.
You shoot an arrow. The arrow barely misses the iguana.
The iguana bites you! The white imp hits you. The white imp freezes you.
The white imp hits you.
* * * LOW HITPOINT WARNING * * *
The white imp freezes you.
* * * LOW HITPOINT WARNING * * *
The iguana bites you!
You die...

# # ..# #
#.# # #.#
# #.#
##### #.#
....# #.#
###.# #5#
###.# #@#
..†.# #l#
###.# #<#
. .... #.#
........
..#
###.###...
#### #.#
## # #.# #
#.#


You could see an iguana and a white imp.

Vanquished Creatures
  A phantom (D:4)
  2 scorpions
  A hound (D:5)
  An iguana (D:3)
  An orc wizard (D:3)
  4 gnolls (D:4)
  3 adders
  4 worms
  3 dart slugs
  6 orcs (D:3)
  8 endoplasms
  2 giant cockroaches (D:2)
  2 hobgoblins
  4 quokkas
  10 ball pythons
  3 bats (D:1)
  7 goblins
  8 kobolds
  9 rats
79 creatures vanquished.

Notes
Turn   | Place    | Note
-------+----------+-------------------------------------------
     0 | D:1      | Groucho the Spriggan Hunter began the quest for the Orb.
     0 | D:1      | Reached XP level 1. HP: 10/10 MP: 2/2
   127 | D:1      | Reached XP level 2. HP: 15/15 MP: 2/4
   170 | D:1      | Found a faded altar of an unknown god.
   484 | D:1      | Reached skill level 1 in Spellcasting
   971 | D:2      | Reached XP level 3. HP: 18/18 MP: 5/5
  1635 | D:3      | Identified the +4 mace of Guasus {spect, Drain Will++ MP+9
                  | Stlth+}
  1729 | D:3      | Reached XP level 4. HP: 17/23 MP: 7/7
  2243 | D:3      | Found a runed translucent door.
  2243 | D:3      | Noticed vvlvvlvvl's ghost (amateur DsHu)
  2617 | D:3      | Reached XP level 5. HP: 27/27 MP: 9/9
  2935 | D:4      | Found a hide-covered altar of Uskayaw.
  2963 | D:4      | Found a burning altar of Makhleb.
  3022 | D:4      | Noticed a phantom
  3029 | D:4      | Killed a phantom
  3301 | D:4      | Reached skill level 1 in Ice Magic
  3327 | D:4      | Found Toydogus's Antique Weapon Boutique.
  3335 | D:4      | Reached XP level 6. HP: 32/32 MP: 11/11
  4033 | D:5      | Entered Level 5 of the Dungeon
  4394 | D:5      | Slain by an iguana

Illustrated notes

Levels and vault maps discovered:
D:1:      roderic_dead_forest, layout_loops_ring,
          shapermc_ecumenical_altar_mp_highgroup, dreamdust_princess_bridge
D:2:      minmay_chambers_of_ones, layout_basic
D:3:      layout_loops_corners, hellmonk_ghost_happy_afterlife
D:4:      layout_basic, mainiacjoe_overflow_two_lobes, serial_shops,
          nicolae_shop_stone, hangedman_decor_riveting
D:5:      layout_loops_ring, lightli_ossuary_entry_decrepit_ruins,
          uniq_eustachio

Skill      XL: |  1  2  3  4  5  6 |
---------------+-------------------+-----
Stealth        | 2 3 4 |  4.8
Dodging        | 3 4 |  4.5
Spellcasting   | 1 2 3 |  3.2
Fighting       | 2 |  2.8
Ice Magic      | 1 |  1.3
Ranged Weapons | |  4.9

Action                     |  1- 3 |  4- 6 || total
---------------------------+-------+-------++-------
   Fire: Shortbow          |   111 |   141 ||   252
    Use: Potion            |       |     1 ||     1
 Armour: Robe              |     1 |     8 ||     9
  Dodge: Dodged            |    16 |    79 ||    95
